 Dungeon Crawl Stone Soup version 0.31-a0-986-g5e6e4ef867 (webtiles) character file.

Game seed: 11936505762848771888

336 Dittersdorf the Covered (level 6, -6/40 HPs)
             Began as a Gargoyle Fighter on Nov 3, 2023.
             Killed from afar by Dowan (13 damage)
             ... with a shard of ice
             ... on level 4 of the Dungeon.
             The game lasted 00:04:26 (2830 turns).

Dittersdorf the Covered (Gargoyle Fighter)          Turns: 2830, Time: 00:04:27

Health: -6/40      AC: 14    Str: 27    XL:     6   Next: 54%
Magic:  6/6        EV: 10    Int: 15    God:
Gold:   136        SH:  5    Dex:  9    Spells: 5/5 levels left

rFire   . . .        a - +1 flail
rCold   . . .        c - +1 buckler
rNeg    + . .        h - +1 ring mail {Will+}
rPois   ∞            (no helmet)
rElec   +            (no cloak)
rCorr   .            (no gloves)
SInv    .            m - +2 pair of boots
Will    +....        l - amulet of the acrobat Stlth
                     e - +6 ring of strength
HPRegen 0.26/turn    s - +6 ring of intelligence
MPRegen 0.10/turn

%: acrobat
@: no status effects
A: sickness immunity, AC +4, negative energy resistance 1, electricity
resistance, torment resistance 1, petrification resistance
a: no special abilities


You were on level 4 of the Dungeon.
You visited 1 branch of the dungeon, and saw 4 of its levels.

You collected 136 gold pieces.

Inventory:

Hand Weapons
 a - a +1 flail (weapon)
Armour
 c - a +1 buckler (worn)
 h - a +1 ring mail of willpower (worn)
 m - a +2 pair of boots (worn)
Jewellery
 e - a +6 ring of strength (left hand)
 l - an amulet of the acrobat (around neck)
 s - a +6 ring of intelligence (right hand)
Wands
 o - a wand of light (9) (quivered)
Scrolls
 k - 3 scrolls of teleportation
 r - 2 scrolls of enchant armour
Potions
 b - 2 potions of curing {unknown}
 d - 2 potions of might
 f - a potion of lignification {unknown}
 g - 3 potions of heal wounds {unknown}
 j - a potion of degeneration {unknown}
 p - a potion of cancellation


   Skills:
 + Level 4.8 Fighting
 + Level 3.6 Maces & Flails
 + Level 4.9 Armour
 + Level 4.7 Shields


You had 5 spell levels left.
You didn't know any spells.
Your spell library contained the following spells:

 Spells                   Type           Power      Damage    Failure   Level
 Kiss of Death            Conj/Necr      0%         2d5       41%         1
 Confusing Touch          Hex            0%         N/A       80%         3
 Dispel Undead            Necr           0%         3d6       99%         4


Dungeon Overview and Level Annotations

Branches:
Dungeon (4/15)
 Temple: D:4-7

Altars:
Cheibriados
Fedhas
Hepliaklqana
Kikubaaqudgha
Qazlal
Sif Muna

Shops:
D:2 !

Annotations:
D:4 Dowan


Innate Abilities, Weirdness & Mutations

You are immune to sickness and miasma.
Your stone body is resilient. (AC +4)
You are immune to poison.
You resist negative energy. (rN+)
You are resistant to electric shocks. (rElec)
You are resistant to unholy torment.
You are immune to petrification.


Message History

Press: ? - help, Q - select action, (/) - cycle Shift-Dir - straight line, f/p - Duvessa
Aim: Duvessa, wielding a +0 short sword and wearing a +0 ring mail (almost dead, fast, chance to affect: 47%) Duvessa resists with some effort.
Duvessa hits you but does no damage. x2
Aiming: Mindburst
Press: ? - help, Q - select action, (/) - cycle Shift-Dir - straight line, f/p - Duvessa
Aim: Duvessa, wielding a +0 short sword and wearing a +0 ring mail (almost dead, fast, chance to affect: 47%) Duvessa resists with some effort.
Duvessa hits you but does no damage.
Dowan casts a spell.
Dowan blinks!
Aiming: Mindburst
Press: ? - help, Q - select action, (/) - cycle Shift-Dir - straight line, f/p - Duvessa
Aim: Duvessa, wielding a +0 short sword and wearing a +0 ring mail (almost dead, fast, chance to affect: 47%) Duvessa's mind is blasted!!
You blow up Duvessa!
You hear a distant wail of despair.
The now-empty wand crumbles to dust.
You now have 136 gold pieces (gained 16).
Things that are here:
a +0 short sword; a +0 ring mail Dowan seems to find hidden reserves of power!
Dowan says, "Her death will not be in vain!"
Unknown command.
Aiming: Bolt of Light
Press: ? - help, Q - select action Shift-Dir - straight line, f - Dowan
Aim: Dowan, wielding a +0 dagger and wearing a +0 robe (fast, 60% to hit)
The bolt of light misses Dowan.
Aiming: Bolt of Light
Press: ? - help, Q - select action Shift-Dir - straight line, f/p - Dowan
Aim: Dowan, wielding a +0 dagger and wearing a +0 robe (fast, 60% to hit)
The bolt of light misses Dowan.
Dowan casts a spell at you. The shard of ice hits you!
* * * LOW HITPOINT WARNING * * *
Dowan closely misses you.
You sock Dowan!
Dowan is heavily wounded.
Dowan gestures at you while chanting. The shard of ice hits you!
You die...

###..#*,**** *####.*,*, .##..#*,*
####.....*,,, .P...###* ########
#........,,,, .....P.####......#
#......≈.,,,,
#PP.....P.#.####.####...≈≈..≈,,,,
###..P.P_.#.# #.......≈≈≈...~,,,
.....##PPP#.# ######.≈≈≈≈###*~~,
.....######.#########.≈≈≈≈≈≈≈*~,,
..#####.....#...@e.).†..≈≈8>≈~~,,
..............#######.≈≈'≈$_≈*,,,
.##############* #e....#≈≈≈≈~,,,
........,,,,,,,***#.#...≈≈###*,,,
########******,,,......≈≈≈≈≈≈,,,,
***###......≈≈≈.,,,,
##.........,,,, #...######****
#####


You could see Dowan (fast).

Vanquished Creatures
  Duvessa (D:4)
  A scorpion (D:4)
  A hound (D:4)
  2 gnolls (D:2)
  4 adders
  A worm (D:4)
  3 dart slugs
  5 ball pythons
  7 endoplasms
  6 giant cockroaches
  4 hobgoblins
  11 jackals
  8 quokkas
  2 bats (D:1)
  A frilled lizard (D:1)
  6 goblins
  4 kobolds
  4 rats
71 creatures vanquished.

Notes
Turn   | Place    | Note
-------+----------+-------------------------------------------
     0 | D:1      | Dittersdorf the Gargoyle Fighter began the quest for the
                  | Orb.
     0 | D:1      | Reached XP level 1. HP: 14/14 MP: 1/1
   158 | D:1      | Reached XP level 2. HP: 12/19 MP: 2/2
   462 | D:1      | Reached XP level 3. HP: 16/23 MP: 3/3
   953 | D:2      | Found Beothoen's Distillery.
   953 | D:2      | Found a shimmering blue altar of Sif Muna.
  1128 | D:2      | Reached XP level 4. HP: 28/29 MP: 4/4
  2565 | D:3      | Reached XP level 5. HP: 33/33 MP: 5/5
  2596 | D:3      | Found a hazy altar of Hepliaklqana.
  2596 | D:3      | Found a snail-covered altar of Cheibriados.
  2746 | D:4      | Found a blossoming altar of Fedhas.
  2746 | D:4      | Found an ancient bone altar of Kikubaaqudgha.
  2777 | D:4      | Reached XP level 6. HP: 39/39 MP: 6/6
  2791 | D:4      | Found a stormy altar of Qazlal.
  2801 | D:4      | Noticed Duvessa
  2801 | D:4      | Noticed Dowan
  2822 | D:4      | Killed Duvessa
  2830 | D:4      | Killed from afar by Dowan

Illustrated notes

Levels and vault maps discovered:
D:1:      sevenhm_arrival_forest_fort_small_6, layout_loops_ring
D:2:      wad_woods_stonehenge, layout_loops_ring, serial_shops, shop
D:3:      layout_loops_cross, gammafunk_temple_overflow_elements
D:4:      layout_loops_ring, grunt_temple_overflow_growth_and_decay,
          nicolae_qazlal_general_emergency, uniq_eustachio, uniq_duvessa

Skill      XL: |  1  2  3  4 |
---------------+-------------+-----
Armour         | 4 |  4.9
Fighting       | 4 |  4.8
Shields        | 4 |  4.7
Maces & Flails | 3 |  3.6

Action                     |  1- 3 |  4- 6 || total
---------------------------+-------+-------++-------
  Melee: Flail             |   121 |   139 ||   260
  Evoke: Wand              |       |    11 ||    11
    Use: Scroll            |     1 |     8 ||     9
 Armour: Scale mail        |    86 |     2 ||    88
         Ring mail         |       |   104 ||   104
  Dodge: Dodged            |    66 |    94 ||   160
  Block: Buckler           |    36 |    44 ||    80

Table legend: (Time is in decaauts)
 A = Elapsed time spent in this place.
 B = Non-inter-level travel time spent in this place.
 C = Inter-level travel time spent in this place.
 D = Time resting spent in this place.
 E = Time spent auto-exploring this place.
 F = Levels seen in this place.
 G = Mean time per level.
                   A        B        C        D        E       F      G
               +--------+--------+--------+--------+--------+-----+--------+
         Total |   2910 |   2767 |    143 |    170 |   1953 |   4 |  727.5 |
       Dungeon |   2910 |   2767 |    143 |    170 |   1953 |   4 |  727.5 |
               +--------+--------+--------+--------+--------+-----+--------+

Top non-repeatable levels by time:
     D:1: 1080 daAuts
     D:2: 998 daAuts
     D:3: 642 daAuts
     D:4: 190 daAuts
